 Dungeon Crawl Stone Soup version 0.23.2-1-ga50397a (webtiles) character file.

Game seed: 3068256765049065291

98723 erloom the Severer (level 15, -13/129 HPs)
             Began as a Demonspawn Berserker on Apr 13, 2019.
             Was the Champion of Trog.
             Blown up by an orb spider (44 damage)
             ... with an orb of destruction
             ... on level 1 of the Spider Nest on Apr 14, 2019.
             The game lasted 01:49:42 (37363 turns).

erloom the Severer (Demonspawn Berserker)          Turns: 37363, Time: 01:49:43

Health: -13/129    AC: 17    Str: 35    XL:     15   Next: 75%
Magic:  0/6        EV: 14    Int: 11    God:    Trog [******]
Gold:   1247       SH:  0    Dex: 19    Spells: 14/14 levels left

rFire    + + .     SeeInvis +   S - +5 battleaxe (chop)
rCold    . . .     Gourm    .   (shield currently unavailable)
rNeg     + . .     Faith    .   K - +2 plate armour {rF+}
rPois    +         Spirit   +   W - -2 hat of the Alchemist {rElec rPois rF+ rC+ rN+ MR+ rMut rCorr}
rElec    +         Reflect  .   H - +1 cloak of Elutweh {rCorr MP-9 Str+2 Dex+7}
rCorr    +         Harm     .   t - +0 pair of gloves
rMut     +                      y - +0 pair of boots of Instinct {Int+2 SInv}
MR       +++..                  E - amulet of guardian spirit
Stlth    +.........             L - +4 ring of evasion
HPRegen  0.31/turn              T - ring "Raj Kann" {rPois rC- MR+ Str+9 Stlth+}
MPRegen  0.10/turn

@: lethally poisoned (-13 -> -13), berserk cooldown, slowed, very slow
A: antennae 2, claws 2, hooves 2, demonic guardian 1, nightstalker 2
a: Berserk, Trog's Hand, Brothers in Arms, Renounce Religion


You were on level 1 of the Spider Nest.
You worshipped Trog.
Trog was exalted by your worship.
You were near starving.

You visited 4 branches of the dungeon, and saw 24 of its levels.
You also visited: Volcano.

You collected 2946 gold pieces.
You spent 1699 gold pieces at shops.

Inventory:

Hand Weapons
 p - a +4 antimagic hand axe
 B - a +3 hand axe of flaming
 G - the +4 mace of Zuvveequ {protect, +Blink rF+ Int-4 Stlth+}
   (You found it on level 1 of the Lair of Beasts)

   It protects the one who uses it against injury (+AC on strike).
   It affects your intelligence (-4).
   It protects you from fire.
   It lets you blink.
   It makes you more stealthy.
 S - a +5 battleaxe of chopping (weapon)
Missiles
 a - 20 javelins
 n - 37 tomahawks (quivered)
 F - 7 javelins of returning
Armour
 t - a +0 pair of gloves (worn)
 y - the +0 pair of boots of Instinct (worn) {Int+2 SInv}
   (You found it on level 4 of the Lair of Beasts)

   It affects your intelligence (+2).
   It lets you see invisible.
 C - a +0 shield
 H - the +1 cloak of Elutweh (worn) {rCorr MP-9 Str+2 Dex+7}
   (You acquired it on level 14 of the Dungeon)

   It affects your strength (+2).
   It affects your dexterity (+7).
   It affects your magic capacity (-9).
   It provides partial protection from all sources of acid and corrosion.
 K - a +2 plate armour of fire resistance (worn)
 W - the -2 hat of the Alchemist (worn) {rElec rPois rF+ rC+ rN+ MR+ rMut rCorr}
   (You bought it in a shop on level 2 of the Orcish Mines)

   It protects you from fire.
   It protects you from cold.
   It insulates you from electricity.
   It protects you from poison.
   It protects you from negative energy.
   It affects your resistance to hostile enchantments.
   It provides partial protection from all sources of acid and corrosion.
   It protects you from mutation.
Jewellery
 e - an uncursed ring of protection from cold
 k - an uncursed ring of resist corrosion
 r - a +5 ring of intelligence
 E - an amulet of guardian spirit (around neck)
 L - a +4 ring of evasion (left hand)
 T - the ring "Raj Kann" (right hand) {rPois rC- MR+ Str+9 Stlth+}
   (You found it on level 5 of the Lair of Beasts)

   [ring of protection from magic]

   It affects your strength (+9).
   It makes you vulnerable to cold.
   It protects you from poison.
   It affects your resistance to hostile enchantments.
   It makes you more stealthy.
Wands
 w - a wand of iceblast (38)
 I - a wand of paralysis (10)
 M - a wand of digging (4)
 N - a wand of disintegration (12)
 X - a wand of acid (25)
Scrolls
 f - a scroll of magic mapping
 g - 15 scrolls of remove curse
 i - 2 scrolls of fog
 j - 12 scrolls of teleportation
 s - 3 scrolls of enchant armour
 v - 2 scrolls of fear
 D - a scroll of holy word
 O - 4 scrolls of identify
 P - 3 scrolls of silence
 U - a scroll of enchant weapon
 Y - a scroll of brand weapon
Potions
 d - 11 potions of curing
 h - 10 potions of heal wounds
 l - 3 potions of flight
 m - a potion of ambrosia
 o - 2 potions of resistance
 q - a potion of haste
 u - 4 potions of brilliance
 x - 3 potions of berserk rage
 z - 3 potions of agility
 J - 3 potions of mutation
 R - 4 potions of might
 V - 2 potions of cancellation
Miscellaneous
 b - a sack of spiders
Comestibles
 c - 37 rations


   Skills:
 + Level 15.1 Fighting
 + Level 16.3(17.8) Axes
 - Level 12.5(15.9) Maces & Flails
 - Level 1.4 Throwing
 + Level 5.4 Armour
 + Level 3.0 Dodging
 - Level 2.2 Stealth
 - Level 3.1 Shields
 - Level 0.2 Evocations


You had 14 spell levels left.
You didn't know any spells.
Your spell library contained the following spells:

 Spells                   Type           Power        Failure   Level  Hunger
 Animate Skeleton         Necr           N/A          94%         1    ##.....
 Apportation              Tloc           #.....       94%         1    ##.....
 Confusing Touch          Hex            #.....       94%         1    ##.....
 Magic Dart               Conj           #...         94%         1    ##.....
 Summon Small Mammal      Summ           #...         94%         1    ##.....
 Blink                    Tloc           N/A          98%         2    ###....
 Call Imp                 Summ           #.......     98%         2    ###....
 Corpse Rot               Necr           N/A          98%         2    ###....
 Ensorcelled Hibernation  Hex/Ice        #.....       98%         2    ###....
 Slow                     Hex            #.......     98%         2    ###....
 Conjure Flame            Conj/Fire      #.......     100%        3    ####...
 Mephitic Cloud           Conj/Pois/Air  #.......     100%        3    ####...
 Stone Arrow              Conj/Erth      #.....       100%        3    ####...
 Leda's Liquefaction      Hex/Erth       #.........   100%        4    #####..
 Summon Lightning Spire   Summ/Air       #.......     100%        4    #####..
 Bolt of Magma            Conj/Fire/Erth #.........   100%        5    ######.
 Borgnjor's Vile Clutch   Necr/Erth      #.........   100%        5    ######.
 Iskenderun's Battlesphe  Conj/Chrm      #.......     100%        5    ######.
 Silence                  Hex/Air        #.........   100%        5    ######.
 Summon Forest            Summ/Tloc      #.........   100%        5    ######.
 Venom Bolt               Conj/Pois      #.........   100%        5    ######.
 Conjure Ball Lightning   Conj/Air       #.........   100%        6    #######
 Darkness                 Hex            #.........   100%        6    #######
 Deflect Missiles         Chrm/Air       #.........   100%        6    #######
 Hydra Form               Tmut           #.........   100%        6    #######
 Iron Shot                Conj/Erth      #.........   100%        6    #######
 Shadow Creatures         Summ           N/A          100%        6    #######
 Orb of Destruction       Conj           #.........   100%        7    #######
 Spellforged Servitor     Conj/Summ      #.........   100%        7    #######
 Summon Hydra             Summ           #.........   100%        7    #######
 Tornado                  Air            #.........   100%        9    #######


Dungeon Overview and Level Annotations

Branches:
Dungeon (15/15)            Temple (0/1) D:6            Lair (6/6) D:11
 Shoals (0/4) Lair:3       Spider (1/4) Lair:3        Slime (0/5) Lair:5
    Orc (2/2) D:12            Elf (0/3) Orc:2        Vaults (0/5) D:13
 Depths (0/5) D:15

Altars:
Elyvilon
Fedhas
Gozag
Kikubaaqudgha
Nemelex Xobeh
Ru
Sif Muna
Trog
Uskayaw
Vehumet
Xom
Zin
Beogh
Jiyva

Shops:
D:5 :   Orc:1 (   Orc:2 :[(!

Annotations:
Lair:4 exclusion: 3 oklob plants


Innate Abilities, Weirdness & Mutations

You have a pair of antennae on your head.
You have very sharp fingernails.
You have hoof-like feet.
A weak demonic guardian rushes to your aid.
You are significantly more attuned to the shadows.


Message History

You feel yourself slow down.
You feel sick.
You feel sick. The orb of destruction hits you!!
* * * LOW HITPOINT WARNING * * *
Your shadow imp gestures at the orb spider.
The orb spider resists with significant effort.
You swap places.
You feel sick.
Your shadow imp closely misses the orb spider.
The orb spider weaves a glowing orb of energy.
An orb of destruction comes into view.
The orb spider spins a strand of pure energy.
Your shadow imp barely misses the orb spider.
Your quasit bites the orb spider but does no damage.
Your quasit claws the orb spider.
Your quasit closely misses the orb spider.
There is a crawl-hole back to the Lair here.
You feel sick.
Your shadow imp disappears in a puff of smoke!
The orb of destruction hits you!!!
You die...

........##...
...............
...................#.
.....>................
.....s................
......○○...ss.........
..$..†..†..§5°.......^
.!...†........°..^....
..........)....○@####
...†s.....>..#####..
.............#..^...
..................^.
..°.................
.!5...........######
..*....[.....##
...s.....[^^##
........####


You could see 2 orb spiders and a friendly quasit.

Vanquished Creatures
  A red draconian (Volcano)
  Nessos (D:13)
  A minotaur (Lair:1)
  The ghost of Flogoulo the Blocker, a journeyman FoFi of Makhleb (Lair:1)
  A rakshasa (D:15)
  A great orb of eyes (shapeshifter) (D:15)
  4 catoblepae
  3 hydras
  7 centaur warriors
  21 death yaks
  3 ogre magi (Orc:2)
  A tengu warrior (D:13)
  5 two-headed ogres
  Nergalle (Orc:2)
  An iron troll (D:13)
  A glowing orange brain (D:15)
  2 unseen horrors
  2 orc knights
  6 orc sorcerers (Orc:2)
  14 ugly things
  4 manticores
  3 oklob plants
  8 cyclopes
  A salamander (shapeshifter) (D:13)
  3 centaur zombies
  A black mamba (Lair:5)
  Maurice (D:13)
  2 centaur skeletons
  2 molten gargoyles (Volcano)
  13 spiny frogs
  2 gargoyles
  4 rime drakes
  7 komodo dragons
  A yaktaur (Volcano)
  A rime drake (shapeshifter) (D:15)
  An efreet (D:13)
  3 trolls
  3 jumping spiders
  3 hornets
  2 slime creatures (D:15)
  14 hippogriffs
  16 blink frogs
  7 dream sheep (Lair:4)
  Sigmund (D:6)
  3 wyverns
  2 tarantellas (Spider:1)
  8 redbacks
  2 water elementals
  32 yaks
  A hog (shapeshifter) (D:15)
  4 wraiths
  A yak (shapeshifter) (D:15)
  2 basilisks
  2 fire bats (Volcano)
  4 hungry ghosts
  2 vampire mosquitoes (D:12)
  3 wargs
  An acid dragon (D:12)
  4 soldier ants
  12 water moccasins
  9 porcupines
  2 hornet zombies
  4 sky beasts
  A swamp drake (Lair:4)
  15 orc warriors
  2 eyes of draining
  3 ice beasts
  2 black bears
  3 phantoms
  A necrophage (D:8)
  15 ogres
  10 wolves
  10 centaurs
  29 crocodiles
  22 bullfrogs
  6 scorpions
  10 killer bees
  17 wights
  7 howler monkeys
  An electric eel (Lair:4)
  8 crimson imps
  7 lava snakes (Volcano)
  A bullfrog zombie (D:12)
  11 hounds
  8 jellies
  29 orc wizards
  Crazy Yiuf (D:5)
  8 bullfrog skeletons
  19 orc priests
  10 iguanas
  6 hell rats (Lair:5)
  20 worker ants
  A killer bee zombie (D:7)
  A hound zombie (D:5)
  A hound skeleton (D:9)
  3 worker ant zombies
  8 gnolls
  22 adders
  2 shadow imps
  4 oozes
  An adder zombie (D:9)
  An adder skeleton (D:9)
  A dart slug (D:2)
  7 leopard geckos
  90 orcs
  3 ball pythons
  7 bats
  10 giant cockroaches
  11 goblins
  10 hobgoblins
  3 jackals
  3 kobolds
  4 quokkas
  11 frilled lizards
  A quokka zombie (D:5)
  5 rats
  A butterfly (D:5)
  A fungus (Lair:6)
  13 plants
785 creatures vanquished.

Vanquished Creatures (collateral kills)
  2 two-headed ogres
  An orc knight (Orc:1)
  An ugly thing (D:13)
  A centaur zombie (D:11)
  A centaur skeleton (D:14)
  A troll (D:8)
  4 blink frogs
  A hippogriff (Lair:1)
  A redback (Spider:1)
  2 yaks
  A basilisk (Lair:2)
  An ice beast (D:5)
  A wolf (Lair:4)
  An ogre (D:4)
  2 centaurs
  3 crocodiles
  A bullfrog (D:6)
  A gnoll sergeant (D:6)
  A scorpion (D:9)
  A howler monkey (D:6)
  An electric eel (Lair:4)
  2 crimson imps
  An iguana (Lair:4)
  5 orc wizards
  Natasha (D:2)
  An ooze (D:5)
  4 leopard geckos
  4 orcs
  A ball python (D:3)
  A giant cockroach (D:3)
  3 goblins (D:4)
  A frilled lizard (Lair:4)
  A rat (D:3)
54 creatures vanquished.

Vanquished Creatures (others)
  A hornet (Spider:1)
  A leopard gecko (Lair:4)
  4 fungi
  4 plants
10 creatures vanquished.

Grand Total: 849 creatures vanquished

Notes
Turn   | Place    | Note
-------+----------+-------------------------------------------
     0 | D:1      | erloom the Demonspawn Berserker began the quest for the
                  | Orb.
     0 | D:1      | Reached XP level 1. HP: 18/18 MP: 1/1
   442 | D:1      | Reached skill level 3 in Axes
   454 | D:1      | Gained mutation: A weak demonic guardian rushes to your
                  | aid. [demonic ancestry]
   454 | D:1      | Reached XP level 2. HP: 24/24 MP: 2/2
  1113 | D:2      | Gained mutation: You have sharp fingernails. [demonic
                  | ancestry]
  1113 | D:2      | Reached XP level 3. HP: 24/29 MP: 3/3
  1292 | D:2      | Reached skill level 4 in Axes
  1404 | D:2      | Found an opulent altar of Gozag.
  1560 | D:2      | Found a glowing silver altar of Zin.
  1606 | D:2      | Noticed Natasha
  1616 | D:2      | Killed Natasha
  1616 | D:2      | Gained mutation: You are slightly more attuned to the
                  | shadows. [demonic ancestry]
  1616 | D:2      | Reached XP level 4. HP: 30/35 MP: 4/4
  1629 | D:2      | Found a deep blue altar of Sif Muna.
  1664 | D:2      | Found a hide-covered altar of Uskayaw.
  1746 | D:2      | Found an ancient bone altar of Kikubaaqudgha.
  1746 | D:2      | Found a blossoming altar of Fedhas.
  1774 | D:2      | Reached ** piety under Trog
  2348 | D:3      | Reached skill level 5 in Axes
  2364 | D:3      | Gained mutation: You have a pair of small antennae on your
                  | head. [demonic ancestry]
  2364 | D:3      | Reached XP level 5. HP: 40/41 MP: 5/5
  2503 | D:3      | Noticed a sky beast
  2519 | D:3      | Killed a sky beast
  2519 | D:3      | Reached skill level 6 in Axes
  2519 | D:3      | Gained mutation: You have large cloven feet. [demonic
                  | ancestry]
  2519 | D:3      | Reached XP level 6. HP: 26/47 MP: 6/6
  3397 | D:4      | Reached *** piety under Trog
  3406 | D:4      | Reached skill level 7 in Axes
  3413 | D:4      | Reached XP level 7. HP: 52/52 MP: 7/7
  3848 | D:4      | Reached skill level 8 in Axes
  4193 | D:4      | Found a sacrificial altar of Ru.
  4306 | D:5      | Entered Level 5 of the Dungeon
  4335 | D:5      | Found a sparkling altar of Nemelex Xobeh.
  4645 | D:5      | Reached XP level 8. HP: 58/58 MP: 8/8
  4731 | D:5      | Found Pouman's Book Shoppe.
  4758 | D:5      | Reached **** piety under Trog
  4758 | D:5      | Reached skill level 9 in Axes
  4921 | D:5      | Found a shimmering altar of Xom.
  4954 | D:5      | Reached skill level 1 in Stealth
  5305 | D:5      | Found a bloodstained altar of Trog.
  5396 | D:5      | Found a runed translucent door.
  5397 | D:5      | Noticed Crazy Yiuf
  5404 | D:5      | Killed Crazy Yiuf
  5715 | D:6      | Reached skill level 10 in Axes
  5739 | D:6      | Noticed Sigmund
  5754 | D:6      | Killed Sigmund
  6342 | D:6      | Found a staircase to the Ecumenical Temple.
  6356 | D:6      | Reached skill level 1 in Shields
  6387 | D:6      | Reached ***** piety under Trog
  6387 | D:6      | Reached XP level 9. HP: 58/64 MP: 9/9
  6939 | D:7      | Reached skill level 11 in Axes
  7679 | D:8      | Noticed a komodo dragon
  7690 | D:8      | Killed a komodo dragon
  8165 | D:8      | Noticed a red ugly thing
  8176 | D:8      | Killed a red ugly thing
  8176 | D:8      | Reached XP level 10. HP: 73/73 MP: 10/10
  8259 | D:8      | Reached skill level 5 in Fighting
  8289 | D:8      | Reached skill level 12 in Axes
  8448 | D:8      | Reached skill level 1 in Throwing
  8485 | D:8      | Noticed a two-headed ogre
  8491 | D:8      | Killed a two-headed ogre
  8944 | D:9      | Noticed a cyclops
  8963 | D:9      | Killed a cyclops
  9320 | D:9      | Reached skill level 13 in Axes
  9785 | D:9      | Reached XP level 11. HP: 80/84 MP: 11/11
 10122 | D:9      | Found a white marble altar of Elyvilon.
 10275 | D:10     | Entered Level 10 of the Dungeon
 11571 | D:11     | Noticed a white ugly thing
 11586 | D:11     | Killed a white ugly thing
 11701 | D:11     | Killed an unseen horror
 12041 | D:11     | Found a staircase to the Lair.
 12043 | D:11     | Noticed an oklob plant
 12043 | D:11     | Noticed an oklob plant
 12073 | Lair:1   | Entered Level 1 of the Lair of Beasts
 12095 | Lair:1   | Found a runed translucent gate.
 12095 | Lair:1   | Found a runed translucent gate.
 12095 | Lair:1   | Found a runed translucent gate.
 12428 | Lair:1   | Reached skill level 14 in Axes
 12695 | Lair:1   | Noticed Flogoulo's ghost (journeyman FoFi)
 12696 | Lair:1   | Noticed a minotaur
 12891 | Lair:1   | Got a jewelled mace
 12894 | Lair:1   | Identified the +4 mace of Zuvveequ {protect, +Blink rF+
                  | Int-4 Stlth+} (You found it on level 1 of the Lair of
                  | Beasts)
 12968 | Lair:1   | Found an ancient bone altar of Kikubaaqudgha.
 13827 | Lair:1   | Reached skill level 10 in Fighting
 14269 | Lair:2   | Gained mutation: You have a pair of antennae on your head.
                  | [demonic ancestry]
 14269 | Lair:2   | Reached XP level 12. HP: 67/99 MP: 12/12
 14421 | Lair:2   | You fall through a shaft for 2 floors!
 14488 | Lair:4   | Received a gift from Trog
 15633 | Lair:2   | Reached skill level 1 in Maces & Flails
 16474 | Lair:3   | Found a staircase to the Shoals.
 16945 | Lair:3   | Found a hole to the Spider Nest.
 16967 | Lair:3   | Reached skill level 5 in Maces & Flails
 18811 | Lair:5   | Gained mutation: You are significantly more attuned to the
                  | shadows. [demonic ancestry]
 18811 | Lair:5   | Reached XP level 13. HP: 40/108 MP: 13/13
 18983 | Lair:5   | Got a bound silver ring
 19417 | Lair:5   | Received a gift from Trog
 19441 | Lair:5   | Got a translucent triple crossbow {god gift}
 19664 | Lair:5   | Identified the +5 triple crossbow of Alusiymm {venom,
                  | *Drain +Blink rN++ Str+2} (Trog gifted it to you on level 5
                  | of the Lair of Beasts)
 19885 | Lair:5   | Found a viscous altar of Jiyva.
 19895 | Lair:5   | Found a staircase to the Slime Pits.
 20227 | Lair:6   | Entered Level 6 of the Lair of Beasts
 20956 | Lair:5   | Reached skill level 10 in Maces & Flails
 21240 | Lair:6   | Got a brightly glowing leather armour
 21243 | Lair:6   | Identified the +3 leather armour "Quroiw" {Regen+} (You
                  | found it on level 6 of the Lair of Beasts)
 21244 | Lair:6   | Identified the ring "Raj Kann" {rPois rC- MR+ Str+9 Stlth+}
                  | (You found it on level 5 of the Lair of Beasts)
 23458 | Lair:6   | Gained mutation: You have hoof-like feet. [demonic
                  | ancestry]
 23458 | Lair:6   | Reached XP level 14. HP: 94/115 MP: 14/14
 23974 | Lair:6   | Received a gift from Trog
 24564 | D:11     | You fall through a shaft!
 24699 | Lair:1   | Reached skill level 5 in Armour
 24729 | Lair:1   | Killed Flogoulo's ghost
 25099 | Lair:4   | Got a pair of slimy boots
 25378 | Lair:4   | Identified the +0 pair of boots of Instinct {Int+2 SInv}
                  | (You found it on level 4 of the Lair of Beasts)
 26491 | D:12     | Found a roughly hewn altar of Beogh.
 26503 | D:12     | Found a staircase to the Orcish Mines.
 26872 | D:12     | Received a gift from Trog
 27616 | Orc:1    | Entered Level 1 of the Orcish Mines
 28034 | Orc:1    | Found Giaco's Weapon Shop.
 28046 | Orc:1    | Reached ****** piety under Trog
 28205 | Orc:2    | Entered Level 2 of the Orcish Mines
 28263 | Orc:2    | Found a dark tunnel.
 28270 | Volcano  | Entered a volcano
 28657 | Volcano  | Found a burning altar of Makhleb.
 28837 | Volcano  | Received a gift from Trog
 29549 | Orc:2    | Found a staircase to the Elven Halls.
 30029 | Orc:2    | Found Ymuarr's Distillery.
 30060 | Orc:2    | Found Pomear's Book Boutique.
 30147 | Orc:2    | Received a gift from Trog
 30154 | Orc:2    | Found a radiant altar of Vehumet.
 30171 | Orc:2    | Found Qemu's Antique Armour Boutique.
 30306 | Orc:2    | Noticed Nergalle
 30308 | Orc:2    | Found an ancient bone altar of Kikubaaqudgha.
 30315 | Orc:2    | Killed Nergalle
 30407 | Orc:2    | Found a roughly hewn altar of Beogh.
 30408 | Orc:2    | Found Kairoeps's Antique Weapon Boutique.
 30455 | Orc:2    | Bought the -2 hat of the Alchemist {rElec rPois rF+ rC+ rN+
                  | MR+ rMut rCorr} for 1699 gold pieces
 30455 | Orc:2    | Found the -2 hat of the Alchemist {rElec rPois rF+ rC+ rN+
                  | MR+ rMut rCorr}
 30987 | D:13     | Got a bloodstained leather armour
 31052 | D:13     | Noticed Nessos
 31089 | D:13     | Killed Nessos
 31089 | D:13     | Reached skill level 15 in Fighting
 31089 | D:13     | Gained mutation: You have very sharp fingernails. [demonic
                  | ancestry]
 31089 | D:13     | Reached XP level 15. HP: 33/129 MP: 15/15
 31443 | D:13     | Got a colourful robe
 32411 | D:13     | Noticed Maurice
 32425 | D:13     | Killed Maurice
 32622 | D:13     | Found a gate to the Vaults.
 32966 | D:13     | Reached skill level 15 in Axes
 33205 | D:13     | Received a gift from Trog
 35545 | D:14     | Identified a scroll of acquirement
 35558 | D:14     | Got a smoking cloak
 35570 | D:14     | Identified the +1 cloak of Elutweh {rCorr MP-9 Str+2 Dex+7}
                  | (You acquired it on level 14 of the Dungeon)
 35649 | D:15     | Entered Level 15 of the Dungeon
 36044 | D:15     | Reached skill level 16 in Axes
 36364 | D:15     | Found a staircase to the Depths.
 37014 | D:15     | Identified the cursed +0 robe "Edghe" {rElec rF+ Int+2
                  | Dex-3} (You found it on level 13 of the Dungeon)
 37026 | D:15     | Identified the +1 leather armour of Huhegha {rN+ MP+9 Int+3
                  | Stlth-} (You found it on level 13 of the Dungeon)
 37038 | D:15     | Upgraded the game from 0.23.2 to 0.23.2-1-ga50397a
 37236 | Spider:1 | Entered Level 1 of the Spider Nest
 37363 | Spider:1 | Blown up by an orb spider

Skill      XL: |  1  2  3  4  5  6  7  8  9 10 11 12 13 14 15 |
---------------+----------------------------------------------+-----
Axes           | 3 4 5 6 7 8 10 11 13 14 16 | 16.3
Stealth        | 1 2 |  2.2
Shields        | 1 3 |  3.1
Fighting       | 4 7 10 12 15 | 15.1
Armour         | 3 5 |  5.4
Throwing       | 1 |  1.4
Maces & Flails | 8 12 | 12.5
Dodging        | 2 3 |  3.0
Evocations     | |  0.2

Action                   |  1- 3 |  4- 6 |  7- 9 | 10-12 | 13-15 || total
-------------------------+-------+-------+-------+-------+-------++-------
Melee: Hand axe          |    91 |    89 |   362 |   728 |    18 ||  1288
       War axe           |       |    87 |    66 |       |       ||   153
       Kick              |       |    17 |   129 |    83 |       ||   229
       Battleaxe         |       |       |       |   215 |  1120 ||  1335
Throw: Tomahawk          |     1 |     2 |     2 |    15 |     1 ||    21
Invok: Berserk           |       |     1 |     5 |     7 |     8 ||    21
       Trog's Hand       |       |       |     1 |     2 |     5 ||     8
       Brothers in Arms  |       |       |       |     5 |     1 ||     6
Evoke: Wand              |       |     1 |       |       |     9 ||    10
  Use: Potion            |       |       |     3 |     1 |     1 ||     5
       Scroll            |       |       |    11 |    10 |    15 ||    36
 Stab: Distracted        |       |       |     1 |     3 |     7 ||    11
  Eat: Chunk             |     2 |     6 |    17 |    37 |    48 ||   110
       Ration            |       |       |     1 |     3 |     7 ||    11
Armor: Plate armour      |    77 |   132 |   209 |   396 |   440 ||  1254
       Chain mail        |       |       |       |       |    16 ||    16
Dodge: Dodged            |    24 |    49 |    78 |   182 |   602 ||   935
Block: Shield            |       |       |    75 |   220 |       ||   295
